[Event "FIDE World Cup O10-A 2024"]
[Site "Batumi"]
[Date "2024.06.24"]
[Round "2.1"]
[White "Mrozowski, Nikodem"]
[Black "Chakrabarty, Reyaansh"]
[Result "0-1"]
[ECO "D13"]
[WhiteElo "1776"]
[BlackElo "2185"]
[Annotator "RC"]
[PlyCount "90"]
[EventDate "2024.06.23"]
[EventType "swiss"]
[EventCountry "GEO"]
[SourceTitle "playchess.com"]
[Source "ChessBase"]
[SourceQuality "1"]
[TimeControl "5400+30"]

1. d4 d5 2. c4 c6 3. cxd5 cxd5 4. Bf4 Nc6 5. Nc3 Nf6 6. e3 a6 7. Bd3 e6 8. Nf3 Bd6 9. Bxd6 Qxd6 10. O-O O-O 11. Qd2 Ne7 12. a4 b6 13. Ne5 Bb7 14. Rfc1 Rfc8 15. Rab1 Rc7 16. b4 Rac8 17. a5 b5 18. Bf1 Nf5 19. Nd3 Ng4 20. g3 Qd8 21. Bh3 Qg5 22. Bxg4 Qxg4 23. Nc5 h5 24. Qd1 Qg5 25. Nxb5 Rxc5 26. bxc5 axb5 27. Rxb5 Bc6 28. Rb6 e5 29. Ra1 exd4 30. exd4 Qf6 31. Rb4 Rc7 32. Qxh5 Rc8 33. Qf3 Qe6 34. a6 Ra8 35. Rb6 Nxd4 36. Qe3 Qf6 37. Rd1 Nf3+ 38. Kg2 Ne5 39. Qf4 Qe6 40. Re1 d4+ 41. f3 Qa2+ 42. Kf1 Bxf3 43. Rxe5 Qg2+ 44. Ke1 Qg1+ 45. Kd2 Qd1# 0-1

[Event "FIDE World Cup O10-A 2024"]
[Site "Batumi"]
[Date "2024.06.24"]
[Round "2.2"]
[White "Shangin, Lev"]
[Black "Ramesan, Raunak Amit"]
[Result "1-0"]
[ECO "D43"]
[WhiteElo "2031"]
[BlackElo "1772"]
[Annotator "NA RC"]
[PlyCount "74"]
[EventDate "2024.06.23"]
[EventType "swiss"]
[EventCountry "GEO"]
[SourceTitle "playchess.com"]
[Source "ChessBase"]
[SourceQuality "1"]
[TimeControl "5400+30"]

1. d4 d5 2. c4 c6 3. Nf3 Nf6 4. Nc3 e6 5. Bg5 h6 6. Bh4 g5 7. Bg3 dxc4 8. e3 {[%emt 0:04:35] D43: Semi-Slav: 5 Bg5 h6.} b5 9. Qc2 Nbd7 10. Be2 Bg7 11. a4 Qb6 12. O-O O-O 13. b3 a5 14. axb5 cxb3 15. Qxb3 cxb5 16. Qxb5 (16. Bxb5 $16 Ba6 17. Nd2) 16... Qxb5 (16... Ba6 $11 17. Qxa5 Qxa5 18. Rxa5 Bxe2 19. Rxa8 Rxa8 (19... Bxf1 20. Rxf8+ Kxf8 21. Kxf1 $18) 20. Nxe2 Ne4) 17. Bxb5 Bb7 18. Rfb1 Bxf3 19. gxf3 Rfc8 20. Na4 $14 Ra7 21. Rc1 Rxc1+ 22. Rxc1 Bf8 23. e4 Bb4 24. Rc8+ Kg7 25. Bc7 Ne8 26. Bg3 Nef6 27. Kf1 h5 28. h3 h4 29. Bh2 Nf8 30. Bb8 Re7 31. Nc5 Ng6 32. Bc7 e5 33. Bd6 exd4 34. Bxe7 Nxe7 35. Rc7 Bxc5 36. Rxc5 Nh7 37. Bc4 f6 1-0

[Event "FIDE World Cup O10-A 2024"]
[Site "Batumi"]
[Date "2024.06.24"]
[Round "2.3"]
[White "Ismailov, Omarbek"]
[Black "Ashwath Kaushik"]
[Result "0-1"]
[ECO "D00"]
[WhiteElo "1716"]
[BlackElo "2029"]
[Annotator "NA RC"]
[PlyCount "96"]
[EventDate "2024.06.23"]
[EventType "swiss"]
[EventCountry "GEO"]
[SourceTitle "playchess.com"]
[Source "ChessBase"]
[SourceQuality "1"]
[TimeControl "5400+30"]

1. d4 d5 2. Bf4 c5 3. c3 Qb6 4. Qb3 Qxb3 5. axb3 cxd4 6. cxd4 {[%emt 0:00:12] D00: 1 d4 d5: Unusual lines.} Nc6 7. e3 Nf6 8. Nc3 Bd7 9. Nf3 e6 10. Be2 Nh5 11. Bg5 h6 12. Bh4 g5 13. Nd2 Ng7 14. Bg3 Nf5 15. Bb5 Nxg3 (15... h5 $17) 16. hxg3 Bg7 17. g4 Ke7 18. Ke2 Kd6 19. Bxc6 Bxc6 20. b4 e5 ({Black should try} 20... a6 $11) 21. Kd3 (21. dxe5+ $14 Bxe5 22. Rhd1) 21... exd4 22. exd4 a6 (22... Rhf8 $11) 23. Nb3 (23. Nf1 $142) 23... b6 24. Nd2 Bd7 $1 25. f3 (25. Nf1 $1 $11) 25... f5 26. Nf1 fxg4 27. fxg4 Bxg4 ({Better is} 27... Rhf8 $1 $15 28. b5 (28. Ne3 Rf4 $17) 28... Rf4 (28... Bxg4 29. Ne3 $16) (28... Bxb5+ 29. Nxb5+ axb5 30. Rxa8 $16) (28... axb5 29. Rxa8 Rxa8 30. Ne3 $11) 29. Rxa6 Rxd4+ 30. Kc2 Rb8 (30... Rxa6 31. bxa6 Rf4 32. Ne3 $16)) 28. Ne3 Bd7 29. Rhf1 Be6 30. b5 axb5 31. Nxb5+ Kc6 32. Nc3 Rxa1 33. Rxa1 Rf8 $11 (33... Rd8 $1 $15) 34. Rc1 Bf5+ 35. Kd2 b5 36. Ncxd5+ Kd6 37. Nc3 Bd7 38. Ne4+ Ke7 39. Nd5+ Ke6 40. Ne3 Bxd4 41. b3 Re8 42. Nc5+ Kd6 43. Nb7+ Ke5 44. Rc7 Be6 45. Nc5 Bxe3+ 46. Kxe3 Kd6 47. Na6 Bc8+ 48. Kd4 Bxa6 0-1

[Event "FIDE World Cup O10-A 2024"]
[Site "Batumi"]
[Date "2024.06.24"]
[Round "2.4"]
[White "Kalinichenko, German Yu"]
[Black "Bolashakov, Nurali"]
[Result "0-1"]
[ECO "C44"]
[WhiteElo "1634"]
[BlackElo "1843"]
[Annotator "NA RC"]
[PlyCount "60"]
[EventDate "2024.06.23"]
[EventType "swiss"]
[EventCountry "GEO"]
[SourceTitle "playchess.com"]
[Source "ChessBase"]
[SourceQuality "1"]
[TimeControl "5400+30"]

1. e4 e5 2. Nf3 Nc6 3. d4 exd4 4. c3 Nf6 5. e5 Nd5 6. cxd4 Bb4+ 7. Bd2 Bxd2+ 8. Qxd2 O-O 9. Nc3 Nxc3 10. bxc3 d6 11. exd6 cxd6 12. Be2 b6 13. O-O Bb7 14. Rae1 Na5 15. Bd3 Bxf3 16. gxf3 Qf6 17. Qe3 Rac8 18. f4 g6 19. Rc1 Nc4 20. Bxc4 Rxc4 21. Rfe1 Rfc8 22. Qg3 Qf5 23. Re7 Rxd4 24. cxd4 Rxc1+ 25. Kg2 Qd5+ 26. Kh3 Qxd4 27. Rxa7 Rc3 28. f3 Qd5 29. Kg2 Rc2+ 30. Kh1 Qd1+ 0-1

[Event "FIDE World Cup O10-A 2024"]
[Site "Batumi"]
[Date "2024.06.24"]
[Round "2.5"]
[White "Obado, Sean Adrich"]
[Black "Vyom Malhotra"]
[Result "0-1"]
[ECO "C58"]
[WhiteElo "1631"]
[BlackElo "1803"]
[Annotator "NA RC"]
[PlyCount "68"]
[EventDate "2024.06.23"]
[EventType "swiss"]
[EventCountry "GEO"]
[SourceTitle "playchess.com"]
[Source "ChessBase"]
[SourceQuality "1"]
[TimeControl "5400+30"]

1. e4 e5 2. Nf3 Nc6 3. Bc4 Nf6 4. Ng5 d5 5. exd5 Na5 6. Bb5+ c6 7. dxc6 bxc6 8. Bd3 Nd5 9. Nf3 Bd6 10. O-O O-O 11. Re1 Re8 12. Bf1 e4 13. Nd4 Qf6 14. c3 Qg6 15. d3 Bg4 16. Qa4 exd3 17. Rxe8+ Rxe8 18. Bd2 Qh5 19. Nf3 Bxf3 20. h3 Qe5 21. g3 Bc5 22. Qh4 h6 23. Bg2 Bxf2+ 24. Kh1 Bxg3 25. Qd4 Qe2 26. Qg1 Nc4 27. b3 Bxg2+ 28. Qxg2 Qd1+ 29. Qg1 Qxg1+ 30. Kxg1 Nxd2 31. Nxd2 Re2 32. Nf1 Bf4 33. Rd1 d2 34. Nxd2 Be3+ 0-1

[Event "FIDE World Cup O10-A 2024"]
[Site "Batumi"]
[Date "2024.06.24"]
[Round "2.6"]
[White "Aryan Mehta"]
[Black "Kiladze, Giorgi"]
[Result "1/2-1/2"]
[ECO "E92"]
[WhiteElo "1863"]
[BlackElo "1552"]
[Annotator "NA RC"]
[PlyCount "145"]
[EventDate "2024.06.23"]
[EventType "swiss"]
[EventCountry "GEO"]
[SourceTitle "playchess.com"]
[Source "ChessBase"]
[SourceQuality "1"]
[TimeControl "5400+30"]

1. d4 Nf6 2. c4 g6 3. Nc3 Bg7 4. e4 d6 5. Nf3 O-O 6. Be2 e5 7. d5 a5 8. O-O Na6 9. Qc2 Ne8 {[%emt 0:01:19] E92: King's Indian: Classical: 6 Be2 e5: 7 dxe5, 7 Be3 and Petrosian System without 7...Nbd7.} 10. Ne1 f5 11. f3 Nf6 12. Nd3 Kh8 13. Be3 f4 14. Bf2 g5 15. c5 Qe7 16. cxd6 cxd6 17. Na4 b5 18. Nb6 Rb8 19. Qd2 b4 20. Nxc8 Rbxc8 21. Nxe5 Qxe5 22. Bxa6 Ra8 23. Bb7 Rab8 24. Bc6 g4 25. Qd4 Qg5 26. Qd3 h5 27. Bd4 Rg8 {[%emt 0:02:14] [#]} (27... gxf3 $1 $11 {remains equal.} 28. Qxf3 (28. Rxf3 Ng4 $11) 28... Ng4 29. Bxg7+ Kxg7 (29... Qxg7 30. e5 $15)) 28. Kh1 $1 Rbf8 (28... Nh7 $16 {might work better.}) 29. Rae1 Nh7 30. Bxg7+ Rxg7 $14 31. Re2 Rfg8 32. Qd2 Rf7 33. a3 bxa3 34. bxa3 h4 35. fxg4 Qxg4 36. Ref2 h3 37. Qc3+ Nf6 38. Qxh3+ Qxh3 39. gxh3 Nxe4 40. Rxf4 Rxf4 41. Rxf4 Ng5 42. Rh4+ Kg7 43. Rg4 Kh7 44. Ba4 Nf3 45. Kg2 Ne5 46. Bc2+ Kh8 47. Rxg8+ Kxg8 48. Kg3 Nc4 49. a4 Ne3 50. Bd3 Kg7 51. Be4 Kf6 52. h4 Nc4 53. Bc2 Ke5 54. h5 Ne3 55. h6 Kf6 56. Be4 Nc4 57. Kf4 Nb6 58. h7 Kg7 59. h4 Nxa4 60. h5 Nc5 61. Bb1 Nd7 62. h6+ Kh8 63. Kf5 Nb6 64. Ke6 Nc4 65. Ba2 Ne3 66. Bb1 a4 67. Kxd6 a3 68. Ke6 a2 69. Bxa2 Nxd5 70. Bb1 Ne3 71. Ke5 Ng4+ 72. Kf4 Nxh6 73. Ke4 1/2-1/2

[Event "FIDE World Cup O10-A 2024"]
[Site "Batumi"]
[Date "2024.06.24"]
[Round "2.7"]
[White "Faramarzi Garousi, Maartia"]
[Black "Chkhartishvili, Lazare"]
[Result "1-0"]
[ECO "B33"]
[WhiteElo "1820"]
[BlackElo "1608"]
[Annotator "NA RC"]
[PlyCount "67"]
[EventDate "2024.06.23"]
[EventType "swiss"]
[EventCountry "GEO"]
[SourceTitle "playchess.com"]
[Source "ChessBase"]
[SourceQuality "1"]
[TimeControl "5400+30"]

1. e4 c5 2. Nf3 Nc6 3. d4 cxd4 4. Nxd4 Nf6 5. Nc3 e5 6. Ndb5 d6 7. Nd5 Nxd5 8. exd5 Nb8 9. a4 Be7 10. Be2 O-O 11. O-O {[%emt 0:00:00] B33: Sicilian: Pelikan and Sveshnikov Variations.} Nd7 12. Bd2 a6 13. Na3 a5 14. Nc4 b6 15. Be3 Ba6 16. Na3 Bb7 17. Nb5 Ba6 18. Nc3 Bxe2 19. Qxe2 f5 20. f4 Bf6 21. Nb5 Nc5 22. Bxc5 bxc5 23. c3 exf4 24. Qe6+ Kh8 25. Nxd6 Qc7 26. Nb5 Qb8 27. Rad1 g5 28. d6 ({And not} 28. Qxf5 Bd4+ 29. Nxd4 Rxf5 (29... Qxb2 $2 {perishes.} 30. Qe5+ Kg8 31. Ne6 $18) 30. Nxf5 Qxb2 $11) 28... h5 $18 (28... Qe8 $142 29. Nc7 (29. Qxf5 Bd4+ 30. Nxd4 Qe3+ 31. Rf2 Rxf5 $11) 29... Qxe6 30. Nxe6 Rfb8) 29. Rfe1 Qd8 30. d7 g4 31. Nd6 g3 32. Nf7+ Rxf7 33. Qxf7 gxh2+ 34. Kh1 1-0

[Event "FIDE World Cup O10-A 2024"]
[Site "Batumi"]
[Date "2024.06.24"]
[Round "2.8"]
[White "Safin Safarullakhan"]
[Black "Macosay Lopez, Julio David"]
[Result "1-0"]
[ECO "D05"]
[WhiteElo "1879"]
[BlackElo "1607"]
[Annotator "NA RC"]
[PlyCount "45"]
[EventDate "2024.06.23"]
[EventType "swiss"]
[EventCountry "GEO"]
[SourceTitle "playchess.com"]
[Source "ChessBase"]
[SourceQuality "1"]
[TimeControl "5400+30"]

1. Nf3 d5 2. d4 Nf6 3. e3 c5 4. b3 e6 5. Bd3 Nc6 6. O-O Bd6 7. Bb2 O-O 8. c4 {[%emt 0:00:46] D05: Colle System with ...e6.} Be7 9. Nbd2 b6 10. Qe2 Bb7 11. cxd5 Nxd5 12. dxc5 Bxc5 13. h4 Ncb4 14. Bb1 Ba6 15. Nc4 h6 16. Rd1 Qe7 17. a3 Nc6 18. b4 Bd6 19. Qc2 g6 20. Nxd6 Qxd6 21. e4 Rac8 22. exd5 Nxb4 23. Qd2 $18 1-0

[Event "FIDE World Cup O10-A 2024"]
[Site "Batumi"]
[Date "2024.06.24"]
[Round "2.9"]
[White "Eshkol, Idan"]
[Black "Guntaka, Aayansh"]
[Result "1/2-1/2"]
[ECO "C01"]
[WhiteElo "1544"]
[BlackElo "1872"]
[Annotator "NA RC"]
[PlyCount "62"]
[EventDate "2024.06.23"]
[EventType "swiss"]
[EventCountry "GEO"]
[SourceTitle "playchess.com"]
[Source "ChessBase"]
[SourceQuality "1"]
[TimeControl "5400+30"]

1. e4 e6 2. d4 d5 3. exd5 exd5 4. Bd3 Bd6 5. Nf3 Ne7 6. c3 O-O 7. O-O Bf5 8. Re1 {[%emt 0:01:51] C01: French: Exchange Variation.} Nbc6 9. Bg5 f6 10. Bh4 Qd7 11. Bg3 Rae8 12. Qc2 Bxd3 13. Qxd3 Nf5 14. Nbd2 Bxg3 15. hxg3 Kh8 16. Rxe8 Rxe8 17. Re1 Nce7 18. g4 Nd6 19. g5 Qg4 20. Nf1 fxg5 21. Ng3 (21. N1h2 $11 Qf5 22. Qxf5 Nexf5 23. Rxe8+ Nxe8 24. Nxg5) 21... Qf4 $11 (21... h6 $15 {might be stronger.}) 22. Re5 h6 23. Qe2 Qf7 24. Nf1 Ndc8 25. Rxg5 hxg5 26. Ne5 Qf8 27. Nd7 Qf7 28. Ne5 Qf8 29. Nd7 Qf7 30. Ne5 Qf8 31. Nd7 Qf7 1/2-1/2

[Event "FIDE World Cup O10-A 2024"]
[Site "Batumi"]
[Date "2024.06.24"]
[Round "2.10"]
[White "Hummatov, Safa"]
[Black "Dien James"]
[Result "1-0"]
[ECO "B13"]
[WhiteElo "1693"]
[BlackElo "1419"]
[Annotator "NA RC"]
[PlyCount "45"]
[EventDate "2024.06.23"]
[EventType "swiss"]
[EventCountry "GEO"]
[SourceTitle "playchess.com"]
[Source "ChessBase"]
[SourceQuality "1"]
[TimeControl "5400+30"]

1. e4 d5 2. exd5 Nf6 3. c4 c6 4. Nf3 cxd5 5. d4 Nc6 6. Be2 Bg4 7. h3 Bxf3 8. Bxf3 dxc4 9. O-O Qd7 10. Nc3 O-O-O 11. Be3 Nxd4 12. Bxd4 Qxd4 13. Qa4 Qc5 14. Rac1 Rd2 15. Ne4 Nxe4 16. Rxc4 Rxb2 17. Bxe4 e6 18. Qe8+ Kc7 19. Rxc5+ Bxc5 20. Qxh8 Rxa2 21. Qxg7 a5 22. Qxf7+ Kb6 23. Qxb7# 1-0

[Event "FIDE World Cup O10-A 2024"]
[Site "Batumi"]
[Date "2024.06.24"]
[Round "2.11"]
[White "TURKI, YOUSEF HATTAN A"]
[Black "Jakhaia, Andria"]
[Result "0-1"]
[ECO "A58"]
[WhiteElo "1401"]
[BlackElo "1652"]
[Annotator "NA RC"]
[PlyCount "62"]
[EventDate "2024.06.23"]
[EventType "swiss"]
[EventCountry "GEO"]
[SourceTitle "playchess.com"]
[Source "ChessBase"]
[SourceQuality "1"]
[TimeControl "5400+30"]

1. d4 Nf6 2. c4 c5 3. d5 b5 4. cxb5 a6 5. Nc3 axb5 6. Nxb5 Ba6 7. Nc3 d6 8. Nf3 g6 9. Bg5 Nbd7 10. Nd2 Bg7 11. e4 Bxf1 12. Nxf1 Rb8 13. Qc2 Qb6 14. Rb1 Ne5 15. Ne3 Qa6 16. Qa4+ Qxa4 17. Nxa4 Nxe4 18. Bh4 Rb4 19. b3 Nd3+ 20. Ke2 Nf4+ 21. Ke1 O-O 22. f3 Nf6 23. Bg3 N4xd5 24. Nc2 Rb7 25. Kf2 Ra8 26. Rhe1 Kf8 27. Ne3 Nxe3 28. Kxe3 Nd5+ 29. Kd3 Nb4+ 30. Kc4 d5+ 31. Kxc5 Rc8+ 0-1

[Event "FIDE World Cup O10-A 2024"]
[Site "Batumi"]
[Date "2024.06.24"]
[Round "2.12"]
[White "Tsulaia, Giorgi"]
[Black "Wee, Yu Xi Lyndon"]
[Result "*"]
[ECO "C92"]
[WhiteElo "1646"]
[BlackElo "1408"]
[Annotator "NA RC"]
[PlyCount "49"]
[EventDate "2024.06.23"]
[EventType "swiss"]
[EventCountry "GEO"]
[SourceTitle "playchess.com"]
[Source "ChessBase"]
[SourceQuality "1"]
[TimeControl "5400+30"]

1. e4 e5 2. Nf3 Nc6 3. Bb5 a6 4. Ba4 Nf6 5. O-O Be7 6. Re1 b5 7. Bb3 O-O 8. h3 d6 9. c3 Re8 10. d4 Bf8 11. Bg5 g6 12. Bd5 Nb8 13. Bxa8 c6 14. dxe5 Bg7 15. exf6 Bxf6 16. Bxf6 Qxf6 17. Qd4 Qf4 18. Qd2 Rxe4 19. Qxf4 Rxf4 20. Re8+ Kg7 21. Rxc8 Nd7 22. Nbd2 Nf6 23. Rxc6 Ne8 24. Re1 Nf6 25. Rxd6 *